[Event "*** Titled Tuesday Blitz"]
[Site "Chess.com"]
[Date "2019.08.06"]
[Round "1"]
[White "DiogenesSinopeus"]
[Black "K_A_S_T_O_R"]
[Result "0-1"]
[WhiteElo "2402"]
[BlackElo "2789"]
[TimeControl "180+2"]
[EndTime "13:08:32 PDT"]
[Termination "K_A_S_T_O_R won by resignation"]

1. d4 Nf6 2. c4 e6 3. Nc3 Bb4 4. e3 O-O 5. Bd3 d5 6. a3 Bxc3+ 7. bxc3 c5 8. cxd5 exd5 9. Ne2 b6 10. O-O Ba6 11.
f3 Re8 12. Ng3 cxd4 13. cxd4 Bxd3 14. Qxd3 Nc6 15. Bb2 Na5 16. Rae1 Rc8 17. e4 Nc4 18. Bc1 dxe4 19. fxe4 Ne5 20. Qd2 Ng6 21. d5 Nd7 22.
Nf5 Nde5 23. a4 Qd7 24. Qd1 Nc4 25. Qd4 f6 26. d6 Nge5 27. Rd1 Kh8 28. Bf4 Rcd8 29.
Bxe5 Nxe5 30. h3 Rc8 31. Kh1 Rc4 32. Qd5 Rc5 33. Qd4 Rd8 34. Rc1 Rdc8 35. Rxc5 Rxc5 36.
Rd1 Rc8 37. Qd5 Rd8 38. Rd2 h6 39. Rc2 Rc8 40. Rxc8+ Qxc8 41. Kh2 Qd7 42. Nd4 Nf7 43. Nf5 g6 44. Ne7 Kg7 45. Qc6 Qxd6+ 46. Qxd6 Nxd6 47. Nc6 a5 48. e5 fxe5 49. Nxe5 Nc8 50. Kg3 Kf6 51. Nc6 Ne7 52. Nd4 Ke5 53. Nb5 Nf5+ 54. Kg4 Nd4 55. Nc3 Nf5 56. h4 Ne3+ 57. Kf3 Nd5 58. Nb5 h5 59. g4 Nf6 60. g5 Ne4 61.
Ke3 Nd6 62. Nc7 Nf5+ 0-1

[Event "*** Titled Tuesday Blitz"]
[Site "Chess.com"]
[Date "2019.08.06"]
[Round "1"]
[White "hamelekh"]
[Black "guillembaches"]
[Result "1/2-1/2"]
[WhiteElo "2649"]
[BlackElo "2320"]
[TimeControl "180+2"]
[EndTime "13:08:32 PDT"]
[Termination "Game drawn by repetition"]

1. e4 c5 2. Nc3 d6 3. Bb5+ Bd7 4.
Bxd7+ Qxd7 5. d4 cxd4 6. Qxd4 Nc6 7. Qd3 g6 8. Be3 Bg7 9. Nge2 Nf6 10. f3 Ne5 11. Qb5 O-O 12. Qxd7 Nfxd7 13. O-O-O Nc4 14.
Bd4 Rac8 15. Nd5 Rfe8 16. Bxg7 Kxg7 17. b3 Ncb6 18. Nef4 Nxd5 19. Nxd5 Nf6 20. Ne3 Rc6 21. Kb2 Rec8 22. c4 a6 23. a4 e6 24. Rd4 Kf8 25.
Rhd1 Ke7 26. a5 h5 27. h4 Nd7 28. b4 Ne5 29. Kb3 f5 30. f4 Ng4 31. Nxg4 hxg4 32. e5 dxe5 33. fxe5 R8c7 34. g3 b6 35. axb6 Rxb6 36.
Kc3 a5 37. bxa5 Ra6 38. Ra1 Rc5 39. Kb4 Rxe5 40. c5 Re3 41. Kb5 Ra8 42. a6 Rxg3 43.
a7 Rb3+ 44. Kc6 g3 45. Rd7+ Kf6 46. Rb7 Rc3 47. Rb8 Rxa7 48. Rxa7 g2 49. Ra1 f4 50. Rf8+ Ke5 51. Rg1 f3 52. Kd7 Ke4 53. c6 Ke3 54. c7 Kf2 55. Rd1 Kg3 56. c8=Q Rxc8 57. Kxc8 f2 58.
Rd3+ Kxh4 59. Rd4+ Kg3 60. Rd3+ Kh4 61. Rd4+ Kg3 62. Rd3+ Kh4 1/2-1/2

[Event "*** Titled Tuesday Blitz"]
[Site "Chess.com"]
[Date "2019.08.06"]
[Round "1"]
[White "smshk35"]
[Black "mikhaillushenkov"]
[Result "0-1"]
[WhiteElo "2329"]
[BlackElo "2674"]
[TimeControl "180+2"]
[EndTime "13:08:33 PDT"]
[Termination "mikhaillushenkov won by resignation"]

1. e4 e6 2. d4 d5 3. Nc3 Bb4 4. e5 c5 5. a3 Bxc3+ 6. bxc3 Qc7 7. h4 Ne7 8. h5 h6 9. Nf3 b6 10. Rh4 Ba6 11. Bxa6 Nxa6 12. Rg4 Nf5 13. Rf4 Rf8 14.
g4 Ne7 15. g5 hxg5 16. Nxg5 Nf5 17. Qe2 Nb8 18. Kf1 cxd4 19. cxd4 Qc3 20. Qb5+ Qc6 21. a4 Qxb5+ 22. axb5 a5 23. bxa6 Rxa6 24. Rxa6 Nxa6 25. Nf3 Rh8 26. Nh4 Rxh5 27. Nxf5 Rxf5 28. Rg4 g6 29.
Bg5 Nb4 30. c3 Nd3 31. Be3 Nb2 32. Rh4 Nc4 33. Rh8+ Kd7 34. Ke2 Kc6 35. Rf8 Kb5 36. Bh6 Ka4 37. Be3 Kb3 38. Kd3 Nb2+ 39. Kd2 Nc4+ 40.
Kd3 Nb2+ 41. Kd2 Na4 42. Rc8 Rf3 43. Rc7 Nb2 44. Ke2 Rf5 45. Kd2 g5 46. Rc6 Nc4+ 47.
Kd3 g4 48. Rc8 g3 49. fxg3 Rf3 50. Ke2 Rxe3+ 51. Kf2 Rxc3 0-1

[Event "*** Titled Tuesday Blitz"]
[Site "Chess.com"]
[Date "2019.08.06"]
[Round "1"]
[White "FredddieCroderg"]
[Black "adriangschnitzer"]
[Result "0-1"]
[WhiteElo "2157"]
[BlackElo "2573"]
[TimeControl "180+2"]
[EndTime "13:08:33 PDT"]
[Termination "adriangschnitzer won by resignation"]

1. d4 Nf6 2. c4 c5 3. d5 b5 4. cxb5 a6 5. bxa6 g6 6. Nc3 Bg7 7. e4 O-O 8. Be2 Qa5 9. Bd2 Bxa6 10. Nf3 Qb4 11. e5 Ne4 12. Nxe4 Qxe4 13. Bc3 Bxe2 14. Qxe2 Qxd5 15. O-O Rxa2 16. Rad1 Qb3 17.
Qe4 Ra4 18. Qb1 Qb7 19. Qc2 Ra6 20. Rfe1 Nc6 21. Qe4 Rb8 22. Qh4 Qa7 23. Ng5 h6 24.
Ne4 Nxe5 25. Bxe5 Bxe5 26. Qxh6 Bg7 27. Qh3 d6 28. Ng5 Rab6 29. Re3 Rxb2 30. Nxf7 Kxf7 31. Qe6+ Kf8 32. Rf3+ Bf6 33. Rxf6+ exf6 34. Qxf6+ Qf7 35. Qh8+ Ke7 36. Re1+ Kd7 37. Qh3+ Kc7 38. Qh4 Rb1 39. f3 Rxe1+ 40. Qxe1 Qe8 41. Qa5+ Kd7 42. Qa4+ Kd8 43. Qa5+ Ke7 44. Qe1+ Kd7 45. Qd1 Qe3+ 46. Kh1 Rb4 47. h3 Rc4 48. Qd5 Rc1+ 49. Kh2 Qe5+ 0-1

[Event "*** Titled Tuesday Blitz"]
[Site "Chess.com"]
[Date "2019.08.06"]
[Round "1"]
[White "Cayse"]
[Black "chedimir"]
[Result "1-0"]
[WhiteElo "2630"]
[BlackElo "2260"]
[TimeControl "180+2"]
[EndTime "13:08:34 PDT"]
[Termination "Cayse won by resignation"]

1. e4 c5 2. Nf3 d6 3. Bb5+ Nd7 4.
O-O a6 5. Bd3 Ngf6 6. c3 g6 7.
Bc2 Bg7 8. d4 O-O 9. Re1 cxd4 10. cxd4 b6 11. e5 Nd5 12. Be4 Bb7 13. Qb3 e6 14. Bg5 Qc7 15. Nc3 Nxc3 16. exd6 Qxd6 17. Bxb7 Ra7 18. Bxa6 Rxa6 19. bxc3 Rfa8 20. a4 Qd5 21. Qxd5 exd5 22. Re7 Nf6 23. Bxf6 Bxf6 24. Rd7 Rxa4 25.
Re1 Ra1 26. Kf1 Rxe1+ 27. Kxe1 Ra1+ 28. Kd2 Ra2+ 29. Ke3 Rc2 30. Rxd5 Rxc3+ 31. Ke4 Rc2 32. Rd6 Kg7 33. Ke3 Rc3+ 34. Kd2 Rb3 35. Kc2 Rb5 36. Nd2 Rb4 37. Nb3 Be7 38. Rd7 Kf8 39. Rb7 Bd6 40. g3 Rb5 41. h4 h6 42. Kc3 g5 43. hxg5 hxg5 44. g4 f5 45. f3 fxg4 46.
fxg4 Be7 47. Kc4 Rb4+ 48. Kc3 Rb5 49. Nd2 Kf7 50. Nc4 Ke6 51. Rxb6+ Rxb6 52. Nxb6 Bd6 53. Kd3 Bf4 54. Ke4 Kd6 55. Nc4+ Kd7 56. d5 Bc1 57. Kf5 Bf4 58. Kf6 Bd2 59. Nxd2 1-0

[Event "*** Titled Tuesday Blitz"]
[Site "Chess.com"]
[Date "2019.08.06"]
[Round "1"]
[White "KacperPolOK"]
[Black "GMSrinath"]
[Result "0-1"]
[WhiteElo "2420"]
[BlackElo "2832"]
[TimeControl "180+2"]
[EndTime "13:08:39 PDT"]
[Termination "GMSrinath won by resignation"]

1. e4 c5 2. Nc3 d6 3. Nf3 Nf6 4. d4 cxd4 5. Nxd4 Nc6 6. Bg5 e6 7. Qd2 a6 8. f3 Be7 9. O-O-O O-O 10.
Bc4 Nxd4 11. Qxd4 b5 12. Bb3 Bb7 13. Bxf6 Bxf6 14. Qxd6 Qa5 15. Ne2 b4 16. h4 Be5 17.
Qe7 Qb6 18. Kb1 a5 19. Ba4 Ba6 20. Nc1 Ra7 21. Qg5 Bf6 22. Qf4 Bb5 23. e5 Bxe5 24.
Qxe5 Bxa4 25. Rd6 Qc7 26. Nb3 Bxb3 27. axb3 a4 28. bxa4 Rxa4 29. b3 Ra2 30. c4 Qa7 31. Rhd1 Qf2 32. Rc1 Ra3 33. Qb2 Qxh4 34. Rcd1 Rfa8 35.
g3 Qg5 36. f4 Qf5+ 37. R1d3 h5 38. Kc1 Qe4 39. Rd8+ Kh7 40. Kd2 Qg2+ 41. Kc1 Ra1+ 0-1

[Event "*** Titled Tuesday Blitz"]
[Site "Chess.com"]
[Date "2019.08.06"]
[Round "1"]
[White "nocnypako"]
[Black "tteshan"]
[Result "0-1"]
[WhiteElo "2568"]
[BlackElo "2201"]
[TimeControl "180+2"]
[EndTime "13:08:39 PDT"]
[Termination "tteshan won on time"]

1. d4 Nf6 2. c4 e6 3. Nc3 Bb4 4. e3 b6 5. Bd2 Bxc3 6. Bxc3 Bb7 7. Nf3 d6 8. Bd3 Nbd7 9. O-O O-O 10. Qe2 c5 11. b4 cxb4 12. Bxb4 Qc7 13. a4 Rfe8 14. a5 d5 15. Rfc1 Qd8 16. axb6 axb6 17. h3 dxc4 18.
Bxc4 Nd5 19. Bd2 N7f6 20. Ne5 Qe7 21. e4 Nb4 22. Rxa8 Rxa8 23. f3 Nc6 24. Nxc6 Bxc6 25. Rb1 Qc7 26. Bg5 Nh5 27. Rc1 Qd7 28. Be3 b5 29. Bd3 b4 30. Qb2 Rb8 31. Qc2 Ba4 32. Qc7 Qxc7 33. Rxc7 b3 34. Ra7 Bc6 35. Ra6 Bd7 36.
Kf2 h6 37. g4 Nf6 38. Ke2 b2 39. Ra7 Bb5 0-1

[Event "*** Titled Tuesday Blitz"]
[Site "Chess.com"]
[Date "2019.08.06"]
[Round "1"]
[White "Nancy11111"]
[Black "BlackBoarder"]
[Result "0-1"]
[WhiteElo "2315"]
[BlackElo "2660"]
[TimeControl "180+2"]
[EndTime "13:08:42 PDT"]
[Termination "BlackBoarder won by resignation"]

1. d4 Nf6 2. Nf3 e6 3. Nbd2 d5 4. e3 c5 5. c3 Nc6 6. Bd3 Bd6 7.
O-O O-O 8. Re1 e5 9. dxe5 Nxe5 10. Nxe5 Bxe5 11. Nf3 Bc7 12. h3 Qd6 13. c4 Be6 14.
cxd5 Bxd5 15. e4 Bxe4 16. Bxe4 Nxe4 17. Qxd6 Nxd6 18. Re7 Bb6 19. Bf4 Rad8 20. Bxd6 Rxd6 21. Rxb7 Re8 22. Kh2 h6 23. Rc1 Re2 24. Rb8+ Kh7 25. a4 Rxf2 26. a5 Bc7 27. Rc8 Rd1+ 28. Rxc7 Rxc1 29.
Rxf7 Rcc2 30. Kg3 Rxg2+ 31. Kf4 a6 32. Ra7 Rg6 33. Rb7 Rf6+ 34. Ke3 Rc4 35. Nd2 Rb4 36. Rc7 Rxb2 37. Nc4 Rb5 38. Ke4 Rg6 39. Kd5 Rg5+ 40. Kc6 Rb4 41. Nb6 c4 42. Nd5 Rb5 43. Nb6 c3 44.
Kb7 Rgc5 0-1

[Event "*** Titled Tuesday Blitz"]
[Site "Chess.com"]
[Date "2019.08.06"]
[Round "1"]
[White "RoelandPruijssers"]
[Black "Zhuu96"]
[Result "0-1"]
[WhiteElo "2489"]
[BlackElo "2935"]
[TimeControl "180+2"]
[EndTime "13:08:44 PDT"]
[Termination "Zhuu96 won by checkmate"]

1. e4 c5 2. Nf3 d6 3. d4 cxd4 4. Nxd4 Nf6 5. Nc3 a6 6. Be3 e5 7.
Nb3 Be7 8. Qd2 O-O 9. O-O-O a5 10. a4 Na6 11. f4 Ng4 12. g3 Nb4 13. Kb1 Nxe3 14.
Qxe3 Qc7 15. f5 d5 16. exd5 Bxf5 17. Rd2 Rfd8 18. Bg2 b5 19. Be4 Bxe4 20. Qxe4 bxa4 21. Nxa4 Bg5 22. Rdd1 Rab8 23. Rhe1 Be7 24. Re3 Bd6 25. Rc3 Qa7 26. Nbc5 g6 27. g4 Rdc8 28. Qe3 Bxc5 29. Rxc5 Rd8 30. d6 Qd7 31. Nc3 Qxg4 32. Qxe5 Qg2 33.
Ne4 Qf3 34. Rc1 Qf5 35. Nf6+ Kh8 36. Qxf5 gxf5 37. d7 f4 38. Rf1 Rb6 39. Rxf4 Rd6 40. Rh5 Rd1# 0-1

[Event "*** Titled Tuesday Blitz"]
[Site "Chess.com"]
[Date "2019.08.06"]
[Round "1"]
[White "aa175"]
[Black "Pechen_Yeltsina"]
[Result "0-1"]
[WhiteElo "2306"]
[BlackElo "2653"]
[TimeControl "180+2"]
[EndTime "13:08:47 PDT"]
[Termination "Pechen_Yeltsina won by checkmate"]

1. Nf3 g6 2. d4 Bg7 3. Bf4 d6 4. e3 Nd7 5. h3 e5 6. dxe5 dxe5 7. Bh2 Qe7 8. Nc3 Ngf6 9. Be2 O-O 10. O-O c6 11. Nd2 Nd5 12. Bf3 Nxc3 13. bxc3 f5 14. Nc4 Nb6 15. Be2 Nxc4 16. Bxc4+ Be6 17. Qe2 Qf7 18. Bxe6 Qxe6 19. Rab1 b6 20. c4 Rfd8 21. Rfd1 Bf6 22. a4 Rxd1+ 23. Rxd1 Rd8 24. Rxd8+ Bxd8 25.
Qd3 Be7 26. Qc3 Bd6 27. a5 Bc7 28. Kh1 bxa5 29. Qb3 f4 30. Qb7 Qd7 31. exf4 exf4 32. Qxa7 Kf7 33. f3 Ke6 34. Bg1 Bd8 35. Qb8 Qd6 36. Qa7 Bc7 37. Bc5 Qe5 38. Bd4 Qe1+ 39. Kh2 Be5 40. Bf2 Qe2 41. Qc5 Bd6 42. Qd4 a4 43. c5 Be5 44. Qxa4 Qxf2 45. Qxc6+ Kf5 46.
Qd7+ Kg5 47. Qe7+ Bf6 48. Qd6 Bd4 49. Qe7+ Kh6 50. Qf8+ Kh5 51. Qxf4 Qg1+ 52. Kg3 Bf2# 0-1

[Event "*** Titled Tuesday Blitz"]
[Site "Chess.com"]
[Date "2019.08.06"]
[Round "1"]
[White "LastHeroJr"]
[Black "icychess54"]
[Result "0-1"]
[WhiteElo "2518"]
[BlackElo "2091"]
[TimeControl "180+2"]
[EndTime "13:08:51 PDT"]
[Termination "icychess54 won on time"]

1. e4 c5 2. Nf3 d6 3. d4 cxd4 4.
Nxd4 Nf6 5. Nc3 Nc6 6. Bg5 e6 7. Qd2 h6 8. Bxf6 gxf6 9. O-O-O a6 10. f4 h5 11. Kb1 Qc7 12. g3 Bd7 13. Bh3 O-O-O 14.
f5 Bh6 15. Qf2 Rde8 16. fxe6 fxe6 17. Nxc6 Qxc6 18. Qxf6 Ref8 19. Qd4 Kc7 20. Bg2 Rh7 21. Rhg1 Bg7 22. e5 Bxe5 23. Qd3 Qb6 24. Qxh7 Bxc3 25. b3 Qb4 26. Qd3 Bb5 27. Qe3 Rf2 28. a3 Qa5 29. Qxe6 Qxa3 30. Qe7+ Bd7 31. Qxd6+ Qxd6 32. Rxd6 Kxd6 33.
Bxb7 Bb5 34. h3 Rh2 35. g4 hxg4 36. hxg4 Be8 37. Be4 Ke5 38. Bd3 Kf6 39. g5+ Kg7 40. g6 Rh5 41. Be4 Ra5 0-1

[Event "*** Titled Tuesday Blitz"]
[Site "Chess.com"]
[Date "2019.08.06"]
[Round "1"]
[White "BabyFacedAssasin"]
[Black "GianmarcoVaR"]
[Result "1-0"]
[WhiteElo "2161"]
[BlackElo "2548"]
[TimeControl "180+2"]
[EndTime "13:08:57 PDT"]
[Termination "BabyFacedAssasin won by checkmate"]

1. e4 c5 2. Nf3 d6 3. d4 cxd4 4. Nxd4 Nf6 5. Nc3 a6 6. h3 e5 7. Nde2 h5 8. Bg5 Be6 9. Bxf6 Qxf6 10. Nd5 Qd8 11. Qd3 Nd7 12. Nec3 g6 13. O-O-O b5 14. f4 Bxd5 15. Nxd5 exf4 16. Qc3 Ne5 17. Nc7+ Ke7 18. Nxa8 Qxa8 19. Qc7+ Ke6 20. Rd5 Be7 21. Qb6 Rc8 22.
Bd3 Qc6 23. Qxc6 Rxc6 24. Kb1 Rc5 25. Rxc5 dxc5 26. a4 c4 27. Be2 bxa4 28. Rd1 f5 29. exf5+ Kxf5 30. Rd5 Ke4 31. Ra5 h4 32. Rxa4 Ke3 33.
Bxc4 Nxc4 34. Rxc4 g5 35. Rc7 Bf6 36. Rf7 Be5 37.
Rf5 Ke4 38. Rf7 Bd4 39. c3 Be3 40. c4 Kd4 41. Rc7 Kd3 42. c5 Ke2 43. c6 f3 44.
gxf3 Bf4 45. Re7+ Kxf3 46. c7 g4 47. c8=Q gxh3 48. Qxh3+ Bg3 49. Rf7+ Ke3 50. Rh7 Ke4 51. Rxh4+ Bxh4 52. Qxh4+ Kd3 53. Qa4 a5 54. Qxa5 Ke2 55. b4 Kd1 56. b5 Ke2 57. b6 Kd3 58. b7 Kc4 59. b8=Q Kd3 60. Qbb4 Ke2 61. Qe5+ Kd3 62.
Qbc3# 1-0

[Event "*** Titled Tuesday Blitz"]
[Site "Chess.com"]
[Date "2019.08.06"]
[Round "1"]
[White "fancyknightmaneuvers"]
[Black "esteban062000"]
[Result "1-0"]
[WhiteElo "2574"]
[BlackElo "2151"]
[TimeControl "180+2"]
[EndTime "13:09:00 PDT"]
[Termination "fancyknightmaneuvers won by resignation"]

1. e4 c5 2. Nf3 g6 3. d4 cxd4 4. Qxd4 Nf6 5. e5 Nc6 6. Qa4 Nd5 7. Qe4 Nb6 8. Nc3 d5 9. exd6 Bf5 10. Qh4 Qxd6 11.
Bb5 Bg7 12. O-O O-O 13. Bh6 Ne5 14. Nxe5 Qxe5 15. Bxg7 Kxg7 16. Rfe1 Qf6 17. Qb4 e6 18. Rac1 Rac8 19. Bf1 Rfd8 20. a4 Rd4 21. Qb5 Rd2 22. Re2 Rcd8 23. a5 Bg4 24. Ne4 Bxe2 25. Bxe2 Qd4 26.
Nxd2 Qxd2 27. Rf1 Rd5 28. Qb3 Qxe2 29. Qc3+ e5 30. h3 Rd1 31. Rxd1 Qxd1+ 32. Kh2 Nd5 33. Qxe5+ Nf6 34. g4 Qf3 35. Qd4 Qe4 36. Qc3 Qf4+ 37. Kg2 g5 38. Qb3 Kg6 39. Qxb7 Qe4+ 40. Qxe4+ Nxe4 41. b4 Nd6 42. f3 f5 43. Kf2 f4 44. Ke2 Kf6 45. Kd3 Ke5 46. c4 Ke6 47. Kd4 Nb7 48.
a6 Nd8 49. b5 Kd6 50. c5+ Kd7 51. Kd5 h6 52. b6 axb6 53. a7 Kc8 54. a8=Q+ Kd7 55.
c6+ Nxc6 56. Qxc6+ Ke7 57. Qe6+ Kd8 58. Qf7 Kc8 59.
Kc6 1-0

[Event "*** Titled Tuesday Blitz"]
[Site "Chess.com"]
[Date "2019.08.06"]
[Round "1"]
[White "aquaticpineapples"]
[Black "Bathory44"]
[Result "0-1"]
[WhiteElo "2156"]
[BlackElo "2572"]
[TimeControl "180+2"]
[EndTime "13:09:00 PDT"]
[Termination "Bathory44 won by checkmate"]

1. d4 e6 2. Nf3 c5 3. e3 d5 4.
b3 Nf6 5. Bb2 Nc6 6. Bd3 Bd6 7.
a3 O-O 8. Nbd2 b6 9. O-O Bb7 10. Ne5 Ne7 11. Qe2 Rc8 12. c4 Nf5 13. Rad1 Qe7 14. cxd5 Nxd5 15. Ndc4 cxd4 16. Nxd6 Qxd6 17. Nc4 Qe7 18. Bxf5 exf5 19. Bxd4 Rfd8 20. Qb2 Qg5 21. f3 Ba6 22. f4 Qg6 23. Ne5 Qe6 24. Rfe1 Nf6 25.
Rc1 Bb7 26. Rxc8 Rxc8 27. Rc1 h6 28. Rc3 Rxc3 29. Qxc3 Kh7 30. a4 Qd5 31. Qc2 Ne4 32. Qc4 f6 33. Nf3 Qxc4 34. bxc4 Bc6 35. a5 bxa5 36.
Bxa7 a4 37. Bd4 a3 38. Kf1 a2 39. Ke2 Nc5 40. Nd2 Bxg2 41. Kd1 Be4 42. Kc1 Na4 43. Nxe4 fxe4 44. c5 Nxc5 45. Kb2 a1=Q+ 46. Kxa1 Nb3+ 47. Kb2 Nxd4 48. exd4 f5 49. d5 Kg8 50. Kc3 Kf8 51. Kd4 Ke7 52. Ke5 e3 53. Kxf5 e2 54. Kg6 e1=Q 55. f5 Qe5 56. Kh7 Qxf5+ 57. Kh8 Qxd5 58.
h4 g5 59. h5 Kf6 60. Kh7 Qd7+ 61. Kh8 Qg7# 0-1

[Event "*** Titled Tuesday Blitz"]
[Site "Chess.com"]
[Date "2019.08.06"]
[Round "1"]
[White "bluejay1897"]
[Black "catalin009"]
[Result "0-1"]
[WhiteElo "2297"]
[BlackElo "2643"]
[TimeControl "180+2"]
[EndTime "13:09:01 PDT"]
[Termination "catalin009 won by resignation"]

1. Nf3 Nf6 2. g3 e6 3. Bg2 d5 4.
c4 Be7 5. O-O O-O 6. d4 c6 7. b3 b6 8. Bb2 Bb7 9. Nbd2 Nbd7 10.
Rc1 Rc8 11. Re1 c5 12. cxd5 Nxd5 13. Nc4 b5 14. Nce5 Nxe5 15. Nxe5 cxd4 16. Rxc8 Qxc8 17.
Qxd4 Bc5 18. Qg4 Nf6 19. Qh4 Bxg2 20. Kxg2 Qb7+ 21. e4 Be7 22. Ng4 Nxe4 23. Nh6+ gxh6 24. Qxe4 Qxe4+ 25. Rxe4 Rc8 26. Rg4+ Kf8 27. Bg7+ Ke8 28. Bxh6 Rc2 29. a4 b4 30. Rg8+ Kd7 31. Be3 a5 32.
Ra8 Bd8 33. Ra7+ Ke8 34. Ra8 Kd7 35. Ra7+ Kc6 36. Rxf7 Rc3 37. Rf8 Bc7 38. Rc8 Kb7 39. Rh8 Rxb3 40. Rxh7 Kc6 41. h4 Rd3 42. h5 b3 43. h6 b2 44. Rxc7+ Kxc7 45. h7 Rd8 0-1

[Event "*** Titled Tuesday Blitz"]
[Site "Chess.com"]
[Date "2019.08.06"]
[Round "1"]
[White "RojonR"]
[Black "champ2005"]
[Result "0-1"]
[WhiteElo "2452"]
[BlackElo "2881"]
[TimeControl "180+2"]
[EndTime "13:09:03 PDT"]
[Termination "champ2005 won on time"]

1. e4 c5 2. Nf3 d6 3. d4 cxd4 4.
Qxd4 a6 5. Be3 Nc6 6. Qd2 Nf6 7. Nc3 Bg4 8. Nd4 Rc8 9. f3 Bd7 10. O-O-O e6 11. g4 Be7 12. h4 b5 13. h5 h6 14.
Nxc6 Bxc6 15. Ne2 Nd7 16. Nd4 Bb7 17. Bg2 Ne5 18. Qe2 Nc4 19. f4 Nxe3 20. Qxe3 Qb6 21.
Rhe1 b4 22. Kb1 a5 23. Bf1 Bf6 24. e5 dxe5 25. fxe5 Bg5 26. Bb5+ Kf8 27. Qg3 Ke7 28.
Ba4 Rhd8 29. Nb5 Bc6 30. Rd6 Rxd6 31. Nxd6 Rc7 32. Bxc6 Qxc6 33. Qf2 Kf8 34. Rf1 f6 35. exf6 Qxd6 36. fxg7+ Kxg7 37. Qf3 e5 38. Qf5 a4 39.
Qf3 Rd7 40. b3 a3 41. Qe2 Qd4 0-1

[Event "*** Titled Tuesday Blitz"]
[Site "Chess.com"]
[Date "2019.08.06"]
[Round "1"]
[White "MFBerna"]
[Black "I-Mesquita"]
[Result "0-1"]
[WhiteElo "2370"]
[BlackElo "2716"]
[TimeControl "180+2"]
[EndTime "13:09:03 PDT"]
[Termination "I-Mesquita won by resignation"]

1. e4 e5 2. Nf3 Nc6 3. Bc4 Bc5 4.
O-O Nf6 5. d3 d6 6. c3 a5 7. Re1 O-O 8. h3 h6 9. Nbd2 Qe7 10.
Nf1 Be6 11. Ng3 Bxc4 12. dxc4 Qe6 13. Qe2 Ne7 14. b3 Kh7 15. Be3 Bxe3 16. Qxe3 a4 17. Nd2 Nd7 18. b4 b6 19. Qd3 g6 20. Ndf1 f5 21. exf5 Nxf5 22. Ne4 Rf7 23. Nh2 Raf8 24. Nf3 Kg7 25. Rad1 Nf6 26. Nxf6 Qxf6 27. Nd2 g5 28. Ne4 Qg6 29. c5 bxc5 30. bxc5 Rd8 31. Qc4 Nh4 32. cxd6 cxd6 33. Qd5 g4 34. Nxd6 Nf3+ 35.
Kh1 Nxe1 36. Qxe5+ Kh7 37. Nxf7 Rf8 38. Rxe1 gxh3 39. gxh3 Rxf7 40. Qe4 Rxf2 41. Qxg6+ Kxg6 42. Rg1+ Kf5 43. Rg2 Rf3 44. Rg4 Rxh3+ 45. Kg2 Kxg4 0-1

[Event "*** Titled Tuesday Blitz"]
[Site "Chess.com"]
[Date "2019.08.06"]
[Round "1"]
[White "Er_is_geen_hoop_meer"]
[Black "Schachspielerr"]
[Result "1/2-1/2"]
[WhiteElo "2354"]
[BlackElo "2668"]
[TimeControl "180+2"]
[EndTime "13:09:03 PDT"]
[Termination "Game drawn - insufficient material"]

1. c4 e5 2. Nc3 Nf6 3. Nf3 Nc6 4. a3 d5 5. cxd5 Nxd5 6. e4 Nb6 7. Bb5 Bd6 8. d4 exd4 9. Nxd4 Bd7 10. Bxc6 bxc6 11.
O-O O-O 12. Qc2 Qh4 13. Nf3 Qh5 14. Ne2 Bg4 15. Ng3 Bxg3 16. hxg3 Bxf3 17. gxf3 Qxf3 18. Qxc6 Rae8 19. Re1 Re5 20. Qc3 Qxc3 21. bxc3 Rfe8 22. Bf4 Rc5 23. a4 Rxc3 24. a5 Nc4 25. Rac1 Rxc1 26.
Rxc1 Nxa5 27. Rxc7 Nb3 28. Rxa7 Nc5 29. f3 h6 30. Bd6 Ne6 31. Kf2 Rc8 32. f4 Rc3 33.
Be5 Rb3 34. Ra8+ Kh7 35. Ra7 Kg8 36. Kg2 f6 37. Ba1 Nc5 38. e5 Ne4 39. exf6 gxf6 40.
Kh3 Rxg3+ 41. Kh4 f5 42. Kh5 Rg4 43. Be5 Nc5 44. Kxh6 Nd3 45. Ra8+ Kf7 46. Ra7+ Ke6 47.
Ra6+ Kd5 48. Kh5 Ke4 49. Ra4+ Kf3 50. Ra3 Ke2 51. Ra2+ Ke3 52. Ra3 Kd2 53. Ra2+ Kd1 54.
Ra5 Ke2 55. Bd6 Nxf4+ 56. Bxf4 Rxf4 57. Kg5 Rf2 58. Re5+ Kf1 59. Rxf5 Kg2 60. Rf4 Rxf4 61. Kxf4 1/2-1/2

[Event "*** Titled Tuesday Blitz"]
[Site "Chess.com"]
[Date "2019.08.06"]
[Round "1"]
[White "politeplayer"]
[Black "Dhaydon19"]
[Result "1-0"]
[WhiteElo "2251"]
[BlackElo "2604"]
[TimeControl "180+2"]
[EndTime "13:09:05 PDT"]
[Termination "politeplayer won by resignation"]

1. e4 c6 2. d4 d5 3. exd5 cxd5 4. c4 Nf6 5. Nc3 dxc4 6. Bxc4 e6 7. Nf3 Be7 8. O-O O-O 9. Re1 a6 10. Bg5 b5 11.
Bb3 Bb7 12. d5 b4 13. dxe6 bxc3 14. exf7+ Kh8 15. Bxf6 gxf6 16. Nd4 cxb2 17. Rb1 Nc6 18. Nxc6 Bxc6 19. Qh5 Qd2 20. Rxe7 Rad8 21. Qf5 Qg5 22. Qxg5 fxg5 23. Rxb2 Bb5 24. h3 Kg7 25. Rc2 Rd6 26. Rc5 h6 27. Ra7 Rf6 28. a4 Bd3 29. Rcc7 Rb6 30. Bd5 Rb1+ 31. Kh2 Rb2 32. Ra8 Rxa8 33. Bxa8 Rxf2 34. Bd5 Bg6 35. Ra7 Bd3 36. Ra8 Rxf7 37. Bxf7 Kxf7 38. Kg3 Kg6 39. Rb8 h5 40. Rb6+ Kf5 41.
Kf3 g4+ 42. hxg4+ hxg4+ 43. Ke3 Bf1 44. g3 Bc4 45. Rc6 Bf1 46. Rc5+ Ke6 47. Kf4 Bh3 48. Rg5 Kd6 49. Rg6+ 1-0

[Event "*** Titled Tuesday Blitz"]
[Site "Chess.com"]
[Date "2019.08.06"]
[Round "1"]
[White "Yaacovn"]
[Black "Jbd735"]
[Result "1-0"]
[WhiteElo "2835"]
[BlackElo "2425"]
[TimeControl "180+2"]
[EndTime "13:09:06 PDT"]
[Termination "Yaacovn won by resignation"]

1. d4 d5 2. Nf3 Nf6 3. Bf4 c6 4.
e3 e6 5. c4 Bd6 6. Bg3 Ne4 7.
Bd3 f5 8. Nc3 O-O 9. Bxd6 Qxd6 10. O-O Nd7 11. Qc2 a6 12. Rac1 Rf6 13. Ne2 Rh6 14. g3 Ndf6 15. Ne5 Bd7 16. f3 Ng5 17. Nf4 Be8 18. Qc3 Nh3+ 19. Nxh3 Rxh3 20. Kg2 Rh6 21. h4 Kh8 22. a3 Bh5 23. Qb4 Qc7 24. Be2 Rg8 25.
c5 g5 26. hxg5 Rxg5 27. Rh1 Qg7 28. Qe1 Be8 29. Rxh6 Qxh6 30. Qg1 Rh5 31. f4 Rh3 32. Bf3 Bh5 33. Kf2 Kg7 34. Bg2 Ng4+ 35. Nxg4 fxg4 36.
Bxh3 gxh3 37. g4 Bg6 38. f5 Qh4+ 39. Qg3 Qxg3+ 40. Kxg3 exf5 41. g5 Bh5 42. Kxh3 Kg6 43. Kh4 Bf3 44. Rg1 Be4 45. b3 Bc2 46. Rg3 Be4 47.
b4 Bc2 48. Rf3 Be4 49. Rf2 Bd3 50. Rd2 Bc4 51. Rb2 Bd3 52. Rh2 Be4 53. Kg3 Kxg5 54. Rxh7 Bd3 55. Rxb7 Kf6 56. Kf4 Ke6 57. Rb6 Bb5 58.
Rb7 Kf6 59. Rh7 Ke6 60. Rh6+ Kd7 61. Kxf5 Bd3+ 62. Ke5 Be4 63. Rf6 Kc7 64. Rf7+ Kb8 65. Kd6 1-0

[Event "*** Titled Tuesday Blitz"]
[Site "Chess.com"]
[Date "2019.08.06"]
[Round "1"]
[White "Heineccius"]
[Black "Sveta10"]
[Result "1-0"]
[WhiteElo "2543"]
[BlackElo "2076"]
[TimeControl "180+2"]
[EndTime "13:09:06 PDT"]
[Termination "Heineccius won by resignation"]

1. d4 Nf6 2. c4 g6 3. g3 Bg7 4.
Bg2 O-O 5. Nc3 d6 6. Nf3 Nbd7 7. O-O e5 8. e4 Re8 9. Re1 exd4 10. Nxd4 Ng4 11.
Qxg4 Bxd4 12. Bg5 Bf6 13. Bxf6 Nxf6 14. Qf4 Be6 15. Rad1 Qe7 16. Nd5 Bxd5 17. cxd5 Nd7 18. Rc1 Nc5 19. Qd2 a5 20. f4 Qd7 21. Re3 b6 22. b3 Re7 23. Rce1 Rae8 24. a3 f5 25. e5 Qb5 26. b4 axb4 27. axb4 Na6 28. exd6 Rxe3 29. Rxe3 Rxe3 30. Qxe3 cxd6 31. Bf1 Qa4 32.
Qe6+ Kg7 33. Qe7+ Kg8 34. Qd8+ Kg7 35. Qxd6 Qxb4 36. Qe5+ Kh6 37. Bxa6 Qc5+ 38. Kg2 Qc2+ 39. Kh3 Qf2 40. Qe2 Qc5 41. Qe8 g5 42. Qe6+ Kh5 43.
Qxf5 Qe7 44. Be2+ Kh6 45. fxg5+ Qxg5 46. Qf8+ 1-0

[Event "*** Titled Tuesday Blitz"]
[Site "Chess.com"]
[Date "2019.08.06"]
[Round "1"]
[White "Everyfishknows"]
[Black "Shahinyan_ChessMood"]
[Result "0-1"]
[WhiteElo "2386"]
[BlackElo "2748"]
[TimeControl "180+2"]
[EndTime "13:09:08 PDT"]
[Termination "Shahinyan_ChessMood won by checkmate"]

1. Nf3 e6 2. c4 f5 3. d4 Nf6 4. Nc3 d5 5. Bf4 c6 6. e3 Bd6 7. Bd3 O-O 8. O-O Ne4 9. Qc2 Qe7 10.
Nd2 Nd7 11. f3 Nxd2 12. Qxd2 Bxf4 13. exf4 dxc4 14. Bxc4 Nb6 15. Bb3 Rd8 16. Qe3 Qf6 17.
Rad1 a5 18. Rfe1 Kf7 19. a3 Nd5 20. Nxd5 exd5 21. Bc2 Bd7 22. Qc3 Qd6 23. Re5 g6 24.
Rde1 Re8 25. Qe3 b5 26. g3 b4 27. h4 bxa3 28. bxa3 h5 29. Kg2 Rab8 30. Qc3 Rxe5 31. fxe5 Qc7 32. Qe3 Be6 33. Qh6 Rg8 34. Qh7+ Rg7 35. Qh8 Qb6 36. Rb1 Qa7 37. Rb8 Qe7 38. Ba4 Bd7 39. Rb7 Rg8 40. Qh7+ Rg7 41. Qh8 Rg8 42. Qh6 Qe6 43. Qh7+ Rg7 44. Qh8 Rg8 45. Qh7+ Rg7 46. Qh8 f4 47. Rb8 Qh3+ 48. Kf2 Qxg3+ 49. Ke2 Qg2+ 50. Ke1 Qg1+ 51. Ke2 Qe3+ 52. Kf1 Bh3# 0-1